 Dungeon Sprint DCSS version 0.18.0-1-g0107ab7 (webtiles) character file.

2328 Groucho the Naga Aeon (level 9, -10/88 HPs)
             Began as a Naga Fighter on May 6, 2016.
             Was the Champion of Cheibriados.
             Mangled by a seven-headed hydra (12 damage)
             ... in the Dungeon (Sprint IX: "|||||||||||||||||||||||||||||").
             The game lasted 00:03:54 (2135 turns).

Groucho the Naga Aeon (Naga Fighter)                Turns: 2135, Time: 00:03:55

Health: -10/88     AC: 11    Str: 36    XL:     9   Next: 42%
Magic:  16/21      EV: 14    Int: 29    God:    Cheibriados [******]
Gold:   0          SH: 14    Dex: 27    Spells: 0 memorised, 25 levels left

rFire  . . .     SeeInvis +     n - +3 broad axe (chop)
rCold  . . .     Gourm    .     p - +1 scale mail
rNeg   . . .     Faith    .     c - +0 shield
rPois  +         Spirit   .     a - +0 helmet
rElec  .         Dismiss  .     (no cloak)
rCorr  .         Reflect  .     o - +0 pair of gloves
SustAt .         Harm     .     (no barding)
MR     +....     NoTele   +     (no amulet)
Stlth  +.........               r - +3 ring of strength
                                q - +3 ring of intelligence

@: very slow, somewhat resistant to hostile enchantments, very unstealthy
A: see invisible, deformed body, poison resistance, slowness 2, slow metabolism
1, spit poison 2, AC +3
a: Spit Poison, Bend Time, Temporal Distortion, Slouch, Step From Time, Renounce
Religion


You were in the Dungeon.
You worshipped Cheibriados.
Cheibriados was exalted by your worship.
You were not hungry.

You visited 1 branch

Inventory:

Hand Weapons
 n - a +3 broad axe of chopping (weapon)
Armour
 a - a +0 helmet (worn)
 b - a +0 scale mail
 c - a +0 shield (worn)
 o - a +0 pair of gloves (worn)
 p - a +1 scale mail (worn)
Jewellery
 q - a +3 ring of intelligence (left hand)
 r - a +3 ring of strength (right hand)
Wands
 m - a wand of lightning (7/15)
Scrolls
 j - 5 scrolls of remove curse
 k - 2 scrolls of blinking
 l - 2 scrolls of amnesia
 s - a scroll of identify
 u - a scroll of fog
Potions
 d - 3 potions of might
 e - 5 potions of curing
 g - 2 potions of heal wounds
 i - 4 potions of magic
Comestibles
 h - a beef jerky


   Skills:
 + Level 8.1 Fighting
 + Level 7.9 Axes
 + Level 6.7 Armour
 + Level 6.1 Dodging
 + Level 6.9 Shields
 * Level 8.9 Spellcasting
 * Level 9.3 Invocations


You had 25 spell levels left.
You didn't know any spells.

Dungeon Overview and Level Annotations

Branches:
Dungeon (1/1)

Altars:
Cheibriados
Dithmenos
Elyvilon
Fedhas
Gozag
Kikubaaqudgha
Makhleb
Nemelex Xobeh
Okawaru
Pakellas
Qazlal
Ru
Sif Muna
Trog
Vehumet
Xom
Yredelemnul
Zin
The Shining One
Beogh
Jiyva
Lugonu


Innate Abilities, Weirdness & Mutations

You cannot wear boots.
Your serpentine skin is tough (AC +3).
You have supernaturally acute eyesight.
Armour fits poorly on your strangely shaped body.
Your system is resistant to poisons.
You cover ground very slowly.
You have a slow metabolism.
You can spit poison.


Message History

The seven-headed hydra bites you!
* * * LOW HITPOINT WARNING * * *
The seven-headed hydra bites you.
* * * LOW HITPOINT WARNING * * *
The seven-headed hydra barely misses you.
The seven-headed hydra bites you but does no damage.
The seven-headed hydra bites you.
* * * LOW HITPOINT WARNING * * *
Drink which item? (? for menu, Esc to quit)
You feel much better. The seven-headed hydra bites you.
* * * LOW HITPOINT WARNING * * *
The seven-headed hydra barely misses you.
The seven-headed hydra bites you!
* * * LOW HITPOINT WARNING * * *
You block the seven-headed hydra's attack.
The seven-headed hydra bites you!
* * * LOW HITPOINT WARNING * * *
You block the seven-headed hydra's attack.
The seven-headed hydra bites you!
You die...

▓.▓.▓_▓
▓.▓.▓_▓
▓.▓.▓_▓
▓.▓.▓_▓
▓.▓.▓_▓
▓.▓.▓_▓
▓.▓.▓_▓
▓.▓.▓_▓
▓@▓.▓_▓
▓D▓.▓_▓
▓h▓.▓_▓
▓F▓.▓_▓
▓†▓.▓_▓
▓H▓.▓_▓
▓.▓.▓_▓
▓†▓.▓_▓
▓.▓_▓


You could see a seven-headed hydra, a griffon, a polar bear and a spiny frog.

Vanquished Creatures
  A black mamba (D)
  A gargoyle (D)
  A hippogriff (D)
  3 water moccasins (D)
  3 porcupines (D)
  2 ogres (D)
  3 crocodiles (D)
  2 giant frogs (D)
  A scorpion (D)
  A killer bee (D)
  A wight (D)
  A howler monkey (D)
  2 hounds (D)
  An iguana (D)
  A river rat (D)
  A giant gecko (D)
  2 orcs (D)
  A giant cockroach (D)
  2 goblins (D)
  3 kobolds (D)
  A quokka (D)
34 creatures vanquished.

Vanquished Creatures (others)
  A troll (D)
  An iguana (D)
2 creatures vanquished.

Grand Total: 36 creatures vanquished

Notes
Turn   | Place    | Note
--------------------------------------------------------------
     0 | D        | Groucho the Naga Fighter began the quest for the Orb.
     0 | D        | Reached XP level 1. HP: 21/21 MP: 1/1
    17 | D        | Reached skill level 1 in Dodging
   136 | D        | Noticed an ogre
   136 | D        | Noticed an ogre
   140 | D        | Killed an ogre
   140 | D        | Reached XP level 2. HP: 31/31 MP: 2/5
   140 | D        | Reached XP level 3. HP: 37/37 MP: 2/7
   140 | D        | Reached XP level 4. HP: 45/45 MP: 2/8
   146 | D        | Killed an ogre
   146 | D        | Reached skill level 5 in Fighting
   146 | D        | Reached XP level 5. HP: 43/52 MP: 2/10
   575 | D        | Found a glowing silver altar of Zin.
   575 | D        | Found a glowing golden altar of the Shining One.
   575 | D        | Found an ancient bone altar of Kikubaaqudgha.
   575 | D        | Found a basalt altar of Yredelemnul.
   575 | D        | Found a shimmering altar of Xom.
   575 | D        | Found a radiant altar of Vehumet.
   576 | D        | Found an iron altar of Okawaru.
   577 | D        | Found a burning altar of Makhleb.
   578 | D        | Found a deep blue altar of Sif Muna.
   579 | D        | Found a bloodstained altar of Trog.
   580 | D        | Found a sparkling altar of Nemelex Xobeh.
   581 | D        | Found a white marble altar of Elyvilon.
   582 | D        | Found a roughly hewn altar of Beogh.
   583 | D        | Found a viscous altar of Jiyva.
   584 | D        | Found a corrupted altar of Lugonu.
   585 | D        | Found a blossoming altar of Fedhas.
   586 | D        | Found a snail-covered altar of Cheibriados.
   587 | D        | Found a shadowy altar of Dithmenos.
   588 | D        | Found a stormy altar of Qazlal.
   589 | D        | Found an opulent altar of Gozag.
   590 | D        | Found a sacrificial altar of Ru.
   591 | D        | Found an oddly glowing altar of Pakellas.
   594 | D        | Became a worshipper of Cheibriados the Contemplative
   644 | D        | Noticed a hippogriff
   649 | D        | Reached skill level 5 in Axes
   649 | D        | Reached skill level 1 in Invocations
   650 | D        | Reached * piety under Cheibriados
   652 | D        | Reached ** piety under Cheibriados
   652 | D        | Reached skill level 2 in Invocations
   652 | D        | Reached XP level 6. HP: 41/61 MP: 10/12
   658 | D        | Reached skill level 3 in Invocations
   661 | D        | Killed a hippogriff
   661 | D        | Reached *** piety under Cheibriados
   661 | D        | Reached skill level 5 in Armour
   661 | D        | Reached skill level 5 in Shields
   661 | D        | Reached skill level 5 in Spellcasting
   661 | D        | Reached skill level 4 in Invocations
   664 | D        | Reached XP level 7. HP: 37/69 MP: 12/15
   945 | D        | Noticed a troll
   945 | D        | Noticed a gargoyle
   958 | D        | Killed a troll
   958 | D        | Reached skill level 5 in Invocations
   968 | D        | Killed a gargoyle
   968 | D        | Reached skill level 5 in Dodging
   968 | D        | Reached skill level 6 in Invocations
   968 | D        | Reached XP level 8. HP: 27/80 MP: 16/18
   969 | D        | Reached **** piety under Cheibriados
  1585 | D        | Reached ***** piety under Cheibriados
  1585 | D        | Reached skill level 7 in Invocations
  1587 | D        | Noticed a black mamba
  1613 | D        | Reached ****** piety under Cheibriados
  1614 | D        | Reached skill level 8 in Invocations
  1620 | D        | Killed a black mamba
  1620 | D        | Reached XP level 9. HP: 15/88 MP: 19/21
  2120 | D        | Noticed a polar bear
  2120 | D        | Noticed a spiny frog
  2121 | D        | Noticed a four-headed hydra
  2128 | D        | Reached skill level 9 in Invocations
  2129 | D        | Noticed a griffon
  2135 | D        | HP: 2/88 [seven-headed hydra (11)]
  2135 | D        | Mangled by a seven-headed hydra

Skill      XL: |  1  2  3  4  5  6  7  8  9 |
---------------+----------------------------+-----
Dodging        | 2 3 4 5 6 |  6.1
Fighting       | 4 5 6 7 8 |  8.1
Axes           | 4 5 6 7 |  7.9
Armour         | 3 4 5 6 |  6.7
Shields        | 3 4 5 6 |  6.9
Spellcasting   | 2 3 4 5 6 8 |  8.9
Invocations    | 2 4 6 8 9 |  9.3

Action                   |  1- 3 |  4- 6 |  7- 9 || total
-------------------------+-------+-------+-------++-------
Melee: War axe           |    16 |     9 |       ||    25
       Broad axe         |       |    20 |    74 ||    94
Invok: Slouch            |       |       |     2 ||     2
  Use: Potion            |     2 |       |     4 ||     6
       Scroll            |       |       |     2 ||     2
 Stab: Invisible         |       |       |     3 ||     3
  Eat: Bread ration      |       |       |     1 ||     1
Armor: Scale mail        |     2 |    12 |    19 ||    33
Dodge: Dodged            |     2 |     6 |    41 ||    49
Block: Shield            |     9 |    17 |    68 ||    94
